 Dungeon Crawl Stone Soup version 0.13-a0-2484-gc765b08 (webtiles) character file.

2220 Rycklaryybbe the Slicer (level 9, -2/61 HPs)
             Began as a Demonspawn Assassin on July 21, 2013.
             Was a Follower of Okawaru.
             Slain by a killer bee (6 damage)
             ... on Level 6 of the Dungeon.
             The game lasted 00:44:02 (11228 turns).

Rycklaryybbe the Slicer (Demonspawn Assassin)      Turns: 11228, Time: 00:44:02

HP  -2/61        AC  3     Str 12      XL: 9   Next:  1%
MP   0/8         EV 21     Int 12      God: Okawaru [*.....]
Gold 234         SH  0     Dex 18      Spells:  0 memorised,  8 levels left

Res.Fire  : . . .   See Invis. : .   a - +3 dagger {=f}
Res.Cold  : . . .   Warding    : .   c - -1 robe
Life Prot.: . . .   Conserve   : .   (no shield)
Res.Poison: .       Res.Corr.  : .   (helmet restricted)
Res.Elec. : .       Clarity    : .   (no cloak)
Sust.Abil.: . .     Spirit.Shd : +   (no gloves)
Res.Mut.  : .       Stasis     : .   E - +1 pair of boots
Res.Rott. : .       Flight     : .   D - amulet of the gourmand
Gourmand  : +                        (no ring)
                                     (no ring)

@: mildly poisoned, heroism, slightly resistant to hostile enchantments, very
stealthy
A: antennae 1, powered by death 1, magic shield, EV +2
a: Heroism, Renounce Religion


You were on level 6 of the Dungeon.
You worshipped Okawaru.
Okawaru was pleased with you.
You were not hungry.

You visited 2 branches of the dungeon, and saw 8 of its levels.

You collected 184 gold pieces.

Inventory:

Hand weapons
 a - a +3,+3 dagger (weapon) {=f}
 b - a +0 blowgun
 h - a +2,+1 sabre
 j - a +0,+0 sling
 k - a +1,-2 trident
 x - a +0,+0 sling
Missiles
 d - 5 steel sling bullets
 e - 39 poisoned needles
 f - 2 curare-tipped needles
 q - 42 stones (quivered)
Armour
 c - a -1 robe (worn)
 E - a +1 pair of boots (worn)
Comestibles
 g - 4 bread rations
 o - 2 chunks of centaur flesh
 s - a snozzcumber
Scrolls
 i - 4 scrolls of remove curse
 l - a scroll of enchant weapon II
 m - 2 scrolls of enchant armour
 n - 2 scrolls of amnesia {unknown}
 p - 9 scrolls of identify
 t - a scroll of noise
Jewellery
 z - an uncursed amulet of resist mutation
 D - an amulet of the gourmand (around neck)


   Skills:
 - Level 2.0(7.0) Fighting
 - Level 10.0(15.0) Short Blades
 - Level 1.6(6.6) Slings
 - Level 1.7(6.7) Throwing
 + Level 4.1(9.1) Dodging
 - Level 3.6(8.6) Stealth


You had 8 spell levels left.
You didn't know any spells.

Dungeon Overview and Level Annotations

Branches:
Dungeon (7/27)             Temple (1/1) D:5
    Orc: D:6-11

Altars:
Ashenzari
Elyvilon
Fedhas
Kikubaaqudgha
Makhleb
Nemelex Xobeh
Okawaru
Sif Muna
Trog
Vehumet
Xom
Yredelemnul
Zin
the Shining One


Innate Abilities, Weirdness & Mutations

You have a pair of small antennae on your head.
You are surrounded by a mild repulsion field (EV +2).
You can steal the life force of nearby defeated enemies.
When hurt, damage is shared between your health and your magic reserves.


Message History

The killer bee stings you.
* * * LOW HITPOINT WARNING * * *
The killer bee closely misses you.
You are too injured to fight recklessly!
You are too injured to fight recklessly!
You are too injured to fight recklessly!
You are too injured to fight recklessly!
Drink which item? (? for menu, Esc to quit)
You feel better. The killer bee stings you!
You are poisoned.
The killer bee poisons you! The killer bee stings you!
* * * LOW HITPOINT WARNING * * *
The killer bee closely misses you. The killer bee barely misses you.
You miss the killer bee. The killer bee stings you!
* * * LOW HITPOINT WARNING * * *
The killer bee misses you.
You hit the killer bee. Your punch misses the killer bee.
The killer bee is lightly wounded.
The killer bee misses you. The killer bee stings you.
You die...

#.# #....# #.#
#....##### #.#
#......... #.#
#....##### #.#
#....# #.# #....#
#.### #....#
###...###<...#
#@k..........#
#k#.....#..###
#..........#
#.#.⌠.⌠.#..#
#..........#######
#.#.....#.........
#...._.....#######
#.#.....#..#
#..........#


You could see 2 killer bees.

Vanquished Creatures
  Prince Ribbit (D:6)
  Eustachio (D:6)
  3 ogres
  A sky beast (D:6)
  2 phantoms
  2 centaurs
  2 giant frogs (D:6)
  A yak zombie (D:5)
  A hippogriff skeleton (D:6)
  A crimson imp (D:5)
  An orc priest (D:3)
  An iron imp (D:6)
  An orc wizard (D:4)
  3 iguanas
  5 jellies
  4 worker ants (D:4)
  An ogre zombie (D:5)
  A hound zombie (D:5)
  A lemure (D:6)
  2 adders (D:2)
  15 gnolls
  A shadow imp (D:5)
  4 giant mites
  A worm (D:3)
  2 adder skeletons (D:6)
  A giant eyeball (D:5)
  11 giant geckos
  An ooze (D:4)
  15 orcs
  14 bats
  10 goblins
  18 hobgoblins
  8 kobolds
  A ball python (D:2)
  7 giant cockroaches
  4 giant newts
  A goblin skeleton (D:5)
  A hobgoblin skeleton (D:4)
  4 jackals
  3 quokkas
  15 rats
  A rat skeleton (D:4)
173 creatures vanquished.

Notes
Turn   | Place    | Note
--------------------------------------------------------------
     0 | D:1      | Rycklaryybbe, the Demonspawn Assassin, began the quest for the Orb.
     0 | D:1      | Reached XP level 1. HP: 15/15 MP: 0/0
   307 | D:1      | Gained mutation: You have a pair of small antennae on your head. [demonic ancestry]
   307 | D:1      | Reached XP level 2. HP: 21/21 MP: 1/1
   583 | D:1      | Reached skill level 1 in Slings
  1035 | D:2      | Gained mutation: When hurt, damage is shared between your health and your magic reserves. [demonic ancestry]
  1035 | D:2      | Reached XP level 3. HP: 26/26 MP: 2/2
  1995 | D:3      | Reached XP level 4. HP: 26/33 MP: 1/3
  2115 | D:3      | Reached skill level 4 in Short Blades
  2510 | D:3      | Reached XP level 5. HP: 38/38 MP: 4/4
  3197 | D:3      | Reached skill level 5 in Short Blades
  3544 | D:4      | Noticed an ogre
  3568 | D:4      | Killed an ogre
  3568 | D:4      | Gained mutation: You are surrounded by a mild repulsion field (EV +2). [demonic ancestry]
  3568 | D:4      | Reached XP level 6. HP: 38/44 MP: 5/5
  3823 | D:4      | Reached skill level 6 in Short Blades
  4110 | D:4      | Noticed a phantom
  4212 | D:4      | Killed a phantom
  4524 | D:4      | Reached XP level 7. HP: 46/49 MP: 6/6
  4738 | D:4      | Found a basalt altar of Yredelemnul.
  4858 | D:4      | Reached skill level 7 in Short Blades
  4890 | D:4      | Found a shattered altar of Ashenzari.
  4984 | D:5      | Entered Level 5 of the Dungeon
  5329 | D:5      | Found a staircase to the Ecumenical Temple.
  5336 | Temple   | Entered the Ecumenical Temple
  5618 | Temple   | Became a worshipper of Warmaster Okawaru
  5969 | D:5      | Found a glowing drain.
  7194 | D:5      | Reached skill level 8 in Short Blades
  7759 | D:5      | Paralysed by a giant eyeball for 3 turns
  8200 | D:5      | Gained mutation: You can steal the life force of nearby defeated enemies. [demonic ancestry]
  8200 | D:5      | Reached XP level 8. HP: 46/56 MP: 7/7
  9000 | D:5      | HP: 2/56 [gnoll/flail of holy wrath (4)]
  9305 | D:5      | Reached skill level 9 in Short Blades
  9532 | D:6      | Noticed Prince Ribbit
  9572 | D:6      | Killed Prince Ribbit
  9572 | D:6      | Acquired Okawaru's first power
  9734 | D:6      | Found a white marble altar of Elyvilon.
  9780 | D:6      | Found a blossoming altar of Fedhas.
  9907 | D:6      | Reached skill level 10 in Short Blades
  9972 | D:6      | Reached skill level 1 in Dodging
 10139 | D:6      | Noticed Eustachio
 10932 | D:6      | Killed Eustachio
 11112 | D:6      | Reached XP level 9. HP: 41/61 MP: 3/8
 11228 | D:6      | Slain by a killer bee

Action                   |  1- 3 |  4- 6 |  7- 9 || total
-------------------------+-------+-------+-------++-------
Melee: Dagger            |    60 |   157 |   755 ||   972
       Unarmed           |    33 |       |       ||    33
       Trident           |       |       |    14 ||    14
 Fire: Sling             |    52 |     3 |   120 ||   175
       Blowgun           |     2 |    42 |    43 ||    87
Throw: Throwing net      |     2 |       |       ||     2
       Stone             |       |       |     8 ||     8
Invok: Heroism           |       |       |     3 ||     3
  Use: Potion            |       |     6 |     6 ||    12
       Scroll            |       |       |    13 ||    13
 Stab: Sleeping          |     2 |     2 |     4 ||     8
       Held in net/web   |     3 |       |       ||     3
       Distracted        |       |     1 |     1 ||     2
